 Dungeon Crawl Stone Soup version 0.19.4 (webtiles) character file.

740 TheMardin the Destroyer (level 7, 0/36 HPs)
             Began as a Deep Elf Conjurer on Jan 30, 2017.
             Was an Initiate of Vehumet.
             Slain by Duvessa
             ... wielding a +0 short sword
              (12 damage)
             ... on level 4 of the Dungeon.
             The game lasted 00:22:59 (4665 turns).

TheMardin the Destroyer (Deep Elf Conjurer)         Turns: 4665, Time: 00:22:59

Health: 0/36       AC:  7    Str:  5    XL:     7   Next: 46%
Magic:  2/16       EV: 13    Int: 22    God:    Vehumet [......]
Gold:   122        SH:  0    Dex: 15    Spells: 3 memorised, 7 levels left

rFire  . . .     SeeInvis .     w - +3 flail (venom)
rCold  . . .     Gourm    .     a - +0 robe
rNeg   . . .     Faith    .     (no shield)
rPois  .         Spirit   .     q - +0 helmet
rElec  .         Reflect  .     h - +0 cloak
rCorr  .         Harm     .     r - +2 pair of gloves
MR     +....                    (no boots)
Stlth  +++.......               (no amulet)
                                x - ring of stealth
                                i - ring of protection from magic

@: very slightly contaminated
A: no striking features
a: Renounce Religion


You were on level 4 of the Dungeon.
You worshipped Vehumet.
Vehumet was noncommittal.
You were near starving.

You visited 2 branches of the dungeon, and saw 5 of its levels.
You also visited: Ossuary.

You collected 122 gold pieces.

Inventory:

Hand Weapons
 w - a +3 flail of venom (weapon)
Armour
 a - a +0 robe (worn)
 g - a +2 buckler
 h - a +0 cloak (worn)
 q - a +0 helmet (worn)
 r - a +2 pair of gloves (worn)
Jewellery
 i - a ring of protection from magic (left hand)
 u - an uncursed ring of ice
 x - a ring of stealth (right hand)
 H - an uncursed ring of flight {unknown}
Scrolls
 d - 5 scrolls of remove curse
 e - a scroll of teleportation {unknown}
 k - a scroll of magic mapping
 l - a scroll of random uselessness {unknown}
 m - a scroll of recharging {unknown}
 o - 4 scrolls of identify
 t - a scroll of immolation
 y - 2 scrolls of enchant weapon {unknown}
 B - 2 scrolls of enchant armour {unknown}
 C - a scroll of blinking {unknown}
 D - a scroll of fog {unknown}
 F - a scroll of amnesia {unknown}
Potions
 j - 5 potions of curing {unknown}
 n - 2 potions of might
 p - a potion of ambrosia {unknown}
 s - a potion of mutation {unknown}
 v - a potion of berserk rage {unknown}
 A - 2 potions of heal wounds {unknown}
 E - 4 potions of brilliance {unknown}
 G - a potion of cure mutation {unknown}
 J - a potion of flight {unknown}
Books
 b - a book of Conjurations

   Spells                             Type                      Level
   a - Magic Dart                     Conjuration                  1
   b - Searing Ray                    Conjuration                  2
   c - Dazzling Spray                 Conjuration/Hexes            3
   d - Fulminant Prism                Conjuration/Hexes            4
   e - Iskenderun's Mystic Blast      Conjuration                  4
   f - Iskenderun's Battlesphere      Conjuration/Charms           5
Comestibles
 c - 9 fruits
 f - 2 meat rations
 z - a slice of pizza
 I - a beef jerky


   Skills:
 - Level 2.4 Dodging
 - Level 2.4 Stealth
 - Level 4.8 Spellcasting
 + Level 8.2 Conjurations
 - Level 6.2 Charms


You had 7 spell levels left.
You knew the following spells:

 Your Spells              Type           Power        Failure   Level  Hunger
a - Magic Dart            Conj           ####         1%          1    None
b - Searing Ray           Conj           #####.       1%          2    None
c - Iskenderun's Battles  Conj/Chrm      #####...     17%         5    #####..


Dungeon Overview and Level Annotations

Branches:
Dungeon (4/15)             Temple (1/1) D:4

Altars:
Gozag
Kikubaaqudgha
Nemelex Xobeh
Vehumet
Xom
Zin
The Shining One

Annotations:
D:4 Duvessa, Eustachio


Message History

You kill Dowan!
Vehumet accepts your kill.
Duvessa screams, "No!
How DARE you!"
Duvessa goes berserk!
Your battlesphere fires!
The barrage of energy hits Duvessa.
Duvessa is lightly wounded.
Eustachio completely misses you. Duvessa hits you with a short sword!
The searing ray hits Duvessa.
Duvessa is lightly wounded.
Your battlesphere fires!
The barrage of energy hits Duvessa.
Duvessa is lightly wounded.
Duvessa hits you with a short sword!
Eustachio gestures wildly while chanting.
As you read the scroll labeled NANIME ITA, it crumbles to dust.
The creatures around you are filled with an inner flame!
It was a scroll of immolation.
The bat hits you but does no damage. x2
Duvessa hits you with a short sword!
You die...

##.# #.....
.....#### ## #.#
##.# #####.#######
#.# ##.# .# #.#
##.# #.#
##.######.# #.#
##....[..# #.#
...######.#.######
#.# ##.# #.)...e*#
#.# ##.# ##@##
#.## ##.# ##bb@#
#... ##.# ##.###r#
###. ##.### ##[##
#.. #.
##...#######)##
#.### #.
####.#...#...#
###...# #. #
#.......#.## #..
..# #. #
#.....)....# #.#
#.# #. #
#.......###.###.#
#.# #.


You could see Eustachio (inner flame), Duvessa (berserk), a river rat, 2 bats
and a friendly battlesphere.

Vanquished Creatures
  A hippogriff (D:4)
  A wraith (Ossuary)
  Dowan (D:4)
  The ghost of Walakea the Skirmisher, a weakling NaFi (D:3)
  A human zombie (Ossuary)
  Jessica (D:2)
  An orc wizard (D:4)
  A hound skeleton (D:4)
  3 mummies (Ossuary)
  4 gnolls (D:2)
  5 adders
  An adder skeleton (D:4)
  2 worms
  5 dart slugs
  2 leopard geckos
  10 orcs
  4 bats
  4 giant cockroaches
  2 gnoll zombies (Ossuary)
  5 goblins
  5 hobgoblins
  6 jackals
  A quokka (D:3)
  2 frilled lizards
  2 goblin zombies (Ossuary)
  3 hobgoblin zombies (Ossuary)
  6 kobolds
  3 kobold zombies (Ossuary)
  9 rats
92 creatures vanquished.

Notes
Turn   | Place    | Note
-------+----------+-------------------------------------------
     0 | D:1      | TheMardin the Deep Elf Conjurer began the quest for the Orb.
     0 | D:1      | Reached XP level 1. HP: 10/10 MP: 6/6
   115 | D:1      | Reached XP level 2. HP: 14/15 MP: 0/8
   453 | D:1      | Learned a level 2 spell: Searing Ray
   551 | D:1      | Reached skill level 5 in Conjurations
   981 | D:2      | Reached XP level 3. HP: 19/19 MP: 6/10
  1129 | D:2      | Noticed Jessica
  1130 | D:2      | Killed Jessica
  1130 | D:2      | Reached XP level 4. HP: 24/24 MP: 9/12
  1362 | D:2      | Reached skill level 6 in Conjurations
  2044 | D:3      | Reached XP level 5. HP: 28/28 MP: 7/14
  2051 | D:3      | Learned a level 5 spell: Iskenderun's Battlesphere
  2104 | D:3      | Noticed Walakea's ghost (weakling NaFi)
  2117 | D:3      | Killed Walakea's ghost
  2117 | D:3      | Reached skill level 1 in Charms
  3130 | D:4      | Found a sand-covered staircase.
  3134 | Ossuary  | Entered an ossuary
  3134 | Ossuary  | Noticed a wraith
  3134 | Ossuary  | Noticed a wraith
  3134 | Ossuary  | Noticed a wraith
  3330 | Ossuary  | Reached skill level 7 in Conjurations
  3417 | Ossuary  | Reached XP level 6. HP: 19/32 MP: 3/15
  3815 | Ossuary  | Noticed a wraith
  3819 | Ossuary  | Killed a wraith
  3819 | Ossuary  | Reached skill level 5 in Charms
  4341 | D:4      | Found a staircase to the Ecumenical Temple.
  4343 | D:4      | Noticed a hippogriff
  4352 | D:4      | Killed a hippogriff
  4352 | D:4      | Reached skill level 8 in Conjurations
  4352 | D:4      | Reached XP level 7. HP: 7/36 MP: 11/16
  4555 | Temple   | Entered the Ecumenical Temple
  4566 | Temple   | Became a worshipper of Vehumet
  4659 | D:4      | Noticed Duvessa
  4659 | D:4      | Noticed Dowan
  4659 | D:4      | Noticed Eustachio
  4663 | D:4      | Killed Dowan
  4665 | D:4      | Slain by Duvessa

Skill      XL: |  1  2  3  4  5  6 |
---------------+-------------------+-----
Conjurations   | 5 6 7 8 |  8.2
Spellcasting   | 4 |  4.8
Charms         | 3 6 |  6.2
Dodging        | |  2.4
Stealth        | |  2.4

Action                   |  1- 3 |  4- 6 |  7- 9 || total
-------------------------+-------+-------+-------++-------
Melee: Unarmed           |    13 |       |       ||    13
       Flail             |       |    13 |       ||    13
 Cast: Magic Dart        |    45 |   137 |     5 ||   187
       Searing Ray       |       |    16 |     1 ||    17
       Iskenderun's Batt |       |       |     1 ||     1
  Use: Scroll            |       |     3 |     1 ||     4
  Eat: Bread ration      |       |     2 |       ||     2
       Chunk             |       |       |     1 ||     1
Armor: Robe              |     8 |    13 |     2 ||    23
Dodge: Dodged            |     9 |    38 |     1 ||    48
